 Dungeon Crawl Stone Soup version 0.16.1 (webtiles) character file.

1306 Fiveotanaka the Cleaver (level 8, -7/62 HPs)
             Began as a Hill Orc Gladiator on Mar 29, 2015.
             Was an Initiate of Beogh.
             Killed by divine providence
             ... invoked by an orc priest
              (10 damage)
             ... on level 6 of the Dungeon.
             The game lasted 00:11:44 (5826 turns).

Fiveotanaka the Cleaver (Hill Orc Gladiator)        Turns: 5826, Time: 00:11:44

Health: -7/62      AC: 13    Str: 23    XL:     8   Next: 57%
Magic:  8/8        EV:  8    Int:  8    God:    Beogh [......]
Gold:   301        SH:  0    Dex: 13    Spells: 0 memorised, 7 levels left

rFire  . . .     SeeInvis .     a - +1 war axe
rCold  + + .     Clarity  .     y - +1 scale mail {rC+}
rNeg   . . .     SustAb   .     (no shield)
rPois  .         Gourm    .     c - +0 helmet
rElec  .         Spirit   .     (no cloak)
rCorr  .         Warding  .     C - +2 pair of gloves
rMut   .         Stasis   .     e - +0 pair of boots
MR     .....                    (no amulet)
Stlth  ..........               x - ring of protection from cold
                                u - -3 ring of evasion (curse)

@: mighty, not resistant to hostile enchantments, extremely unstealthy
A: no striking features
a: Renounce Religion


You were on level 6 of the Dungeon.
You worshipped Beogh.
Beogh was noncommittal.
You were not hungry.

You visited 1 branch of the dungeon, and saw 6 of its levels.

You collected 301 gold pieces.

Inventory:

Hand weapons
 a - a +1 war axe (weapon)
Missiles
 d - 3 throwing nets (quivered)
Armour
 c - a +0 helmet (worn)
 e - a +0 pair of boots (worn)
 y - a +1 scale mail of cold resistance (worn)
 C - a +2 pair of gloves (worn)
Jewellery
 o - a cursed ring of teleportation {unknown}
 u - a cursed -3 ring of evasion (left hand)
 x - a ring of protection from cold (right hand)
Scrolls
 g - a scroll of teleportation {unknown}
 h - a scroll of enchant weapon
 i - 2 scrolls of identify {unknown}
 k - a scroll of amnesia {unknown}
 l - a scroll of fog {unknown}
 s - a scroll of remove curse {unknown}
 v - a scroll of enchant armour {unknown}
 w - a scroll of noise {unknown}
 A - a scroll of fear {unknown}
Potions
 b - a potion of curing {unknown}
 m - 2 potions of cancellation {unknown}
 n - a potion of might
 p - a potion of cure mutation {unknown}
 q - a potion of restore abilities {unknown}
 z - a potion of magic {unknown}
 B - a potion of agility {unknown}
Books
 t - a book of Power

   Spells                             Type                      Level
   a - Fulminant Prism                Conjuration/Hexes            4
   b - Iskenderun's Mystic Blast      Conjuration                  4
   c - Venom Bolt                     Conjuration/Poison           5
   d - Bolt of Magma                  Conjuration/Fire/Earth       5
   e - Iron Shot                      Conjuration/Earth            6
   f - Orb of Destruction             Conjuration                  7
   g - Spellforged Servitor           Conjuration/Summoning        7
Comestibles
 f - 2 meat rations
 j - a royal jelly
 r - 3 bread rations
 D - 2 chunks of flesh


   Skills:
 - Level 2.4 Fighting
 + Level 12.8 Axes
 - Level 2.0 Throwing
 + Level 1.8 Armour
 + Level 2.9 Dodging


You had 7 spell levels left.
You didn't know any spells.

Dungeon Overview and Level Annotations

Branches:
Dungeon (6/15)             Temple (0/1) D:4

Altars:
Cheibriados
Elyvilon
Xom


Message History

You barely miss the orc priest.
The orc priest is lightly wounded.
An orc priest comes into view. It is wielding a club.
The orc priest calls down the wrath of Beogh upon you.
Something smites you!
The orc priest invokes the aid of Beogh against you.
Something smites you!
* * * LOW HITPOINT WARNING * * *
The orc priest invokes the aid of Beogh against you.
Something smites you!
* * * LOW HITPOINT WARNING * * *
You see here a scorpion corpse.
Drink which item? (? for menu, Esc to quit)
Okay, then.
Drink which item? (? for menu, Esc to quit)
It was a potion of might.
You feel very mighty all of a sudden.
The orc priest invokes the aid of Beogh against you.
Something smites you!
You die...

...##...###....)........#
## #..### #.......####..
#>..# ####.......# #...
#[...##.##.# ... ..
#.#####.##.##.## . #.#
#.........# #.#
#.........### #.#
#<........... ###@#
#.........#. #.o.#
#.........# ....#.###.###
#.........# #......o#
#.........# ###.###.#
###.####.## #....o# #.#
.# #..##o.# #.# #. ##..#
..# # #..# .##


You could see an orc priest and an orc.

Vanquished Creatures
  Eustachio (D:5)
  Edmund (D:5)
  An orc warrior (D:6)
  A centaur (D:5)
  Sigmund (D:4)
  The ghost of jorbis the Conjurer, an average SpCj (D:3)
  A giant frog (D:5)
  A scorpion (D:6)
  A crimson imp (D:5)
  A giant frog skeleton (D:5)
  3 hounds
  4 orc wizards
  2 iguanas
  A worker ant (D:5)
  A hound skeleton (D:5)
  10 adders
  12 gnolls
  2 worms
  A shadow imp (D:5)
  2 adder skeletons
  An adder zombie (D:5)
  4 giant geckos
  An ooze (D:3)
  6 orcs
  3 ball pythons
  6 bats
  5 giant cockroaches
  9 hobgoblins
  6 quokkas
  A ball python skeleton (D:4)
  A giant gecko zombie (D:5)
  3 giant newts
  7 goblins
  5 kobolds
  2 orc zombies (D:5)
  15 rats
123 creatures vanquished.

Notes
Turn   | Place    | Note
--------------------------------------------------------------
     0 | D:1      | Fiveotanaka, the Hill Orc Gladiator, began the quest for the Orb.
     0 | D:1      | Reached XP level 1. HP: 18/18 MP: 1/1
   155 | D:1      | Reached XP level 2. HP: 25/25 MP: 2/2
   659 | D:1      | Reached skill level 5 in Axes
   700 | D:2      | Reached XP level 3. HP: 19/30 MP: 3/3
  1056 | D:2      | Reached skill level 6 in Axes
  1226 | D:2      | Reached XP level 4. HP: 27/37 MP: 4/4
  1548 | D:2      | Reached skill level 7 in Axes
  1656 | D:2      | Reached XP level 5. HP: 42/42 MP: 5/5
  2092 | D:3      | Noticed jorbis' ghost (average SpCj)
  2116 | D:3      | Killed jorbis' ghost
  2116 | D:3      | Reached skill level 8 in Axes
  2411 | D:3      | Reached XP level 6. HP: 36/50 MP: 6/6
  2872 | D:4      | Reached skill level 9 in Axes
  3250 | D:4      | Found a snail-covered altar of Cheibriados.
  3305 | D:4      | Noticed Sigmund
  3326 | D:4      | Killed Sigmund
  3431 | D:4      | Found a staircase to the Ecumenical Temple.
  3622 | D:4      | Reached XP level 7. HP: 56/56 MP: 7/7
  3624 | D:4      | Reached skill level 10 in Axes
  4014 | D:5      | Entered Level 5 of the Dungeon
  4053 | D:5      | Noticed Edmund
  4069 | D:5      | Killed Edmund
  4189 | D:5      | Reached skill level 11 in Axes
  4512 | D:5      | Found a white marble altar of Elyvilon.
  4714 | D:5      | Found a shimmering altar of Xom.
  4878 | D:5      | Reached XP level 8. HP: 57/62 MP: 8/8
  5022 | D:5      | Reached skill level 12 in Axes
  5032 | D:5      | Became a worshipper of Beogh the Brigand
  5080 | D:5      | Noticed Eustachio
  5099 | D:5      | Killed Eustachio
  5099 | D:5      | Reached skill level 1 in Armour
  5824 | D:6      | HP: 2/62 [orc priest/divine providence (13)]
  5826 | D:6      | Killed from afar by an orc priest

Action                   |  1- 3 |  4- 6 |  7- 9 || total
-------------------------+-------+-------+-------++-------
Melee: War axe           |    82 |   172 |   169 ||   423
Invok: Convert to Beogh  |       |       |     1 ||     1
  Use: Scroll            |       |     1 |       ||     1
       Potion            |       |       |     1 ||     1
  Eat: Chunk             |     1 |     8 |     5 ||    14
       Beef jerky        |       |       |     1 ||     1
